[Event "Hungarian Championship Men 2022"]
[Site "Budapest"]
[Date "2022.12.07"]
[Round "3.2"]
[White "Papp, Gabor"]
[Black "Berkes, Ferenc"]
[Result "1/2-1/2"]
[ECO "C02"]
[WhiteElo "2564"]
[BlackElo "2643"]
[Annotator "TA"]
[PlyCount "61"]
[EventDate "2022.12.03"]
[EventType "tourn"]
[EventCountry "HUN"]
[SourceTitle "playchess.com"]
[Source "ChessBase"]
[SourceQuality "1"]
[TimeControl "40/5400+30:1800+30"]

1. e4 e6 2. d4 d5 3. e5 c5 4. c3 Nc6 5. Nf3 Qb6 6. Bd3 Bd7 7. dxc5 Bxc5 8. O-O Nh6 {[%emt 0:31:05] C02: French: Advance Variation.} (8... a5 $14) 9. b4 $16 Be7 10. Na3 ({White should play} 10. Bxh6 $16 gxh6 11. Qd2) 10... Nf5 {[%emt 0:26:34] [#]} (10... Ng4 $11) 11. Bxf5 $146 ({Predecessor:} 11. Rb1 Nh4 12. Nxh4 Bxh4 13. Be3 Qd8 14. f4 g6 15. Nb5 Be7 16. Qd2 O-O 17. g4 {½-½ (61) Frank Nielsen,M (2016)-Tandrup,M (2018) Copenhagen 2013}) 11... exf5 12. Qxd5 {[%emt 0:00:02] Black must now prevent Nc4.} Be6 13. Qd3 {[%emt 0:00:21] aiming for Nc4.} O-O 14. Be3 Qd8 15. Qe2 (15. Qxd8 {simplifies} Rfxd8 16. Nc2 Rd5 17. Ncd4) 15... a5 $1 16. Rfd1 Qb8 17. Nc4 {[%emt 0:00:56] Hoping for Nb6.} axb4 18. cxb4 Bxc4 19. Qxc4 {[%emt 0:00:06] The position is equal.} Nxe5 20. Nxe5 Qxe5 21. Rac1 b5 22. Qd5 Qxd5 23. Rxd5 Rxa2 24. Rxb5 Rb2 25. Rb7 f4 26. Rxe7 fxe3 27. Rxe3 Rxb4 28. g3 Rb7 29. Kg2 g6 30. h4 h5 31. Rec3 {[%emt 0:00:01] Weighted Error Value: White=0.15 (very precise) /Black=0.09 (flawless)} 1/2-1/2

[Event "Hungarian Championship Men 2022"]
[Site "Budapest"]
[Date "2022.12.07"]
[Round "3.3"]
[White "Korpa, Bence"]
[Black "Nagy, Gabor"]
[Result "1/2-1/2"]
[ECO "A30"]
[WhiteElo "2500"]
[BlackElo "2482"]
[Annotator "TA"]
[PlyCount "62"]
[EventDate "2022.12.03"]
[EventType "tourn"]
[EventCountry "HUN"]
[SourceTitle "playchess.com"]
[Source "ChessBase"]
[SourceQuality "1"]
[TimeControl "40/5400+30:1800+30"]

1. c4 c5 2. Nf3 Nf6 3. b3 g6 4. Bb2 Bg7 5. g3 b6 6. Bg2 Bb7 7. O-O O-O 8. Nc3 Na6 9. d4 d5 10. dxc5 Nxc5 11. Nxd5 Nxd5 12. Bxg7 Kxg7 13. cxd5 Qxd5 14. Qxd5 Bxd5 {[%emt 0:00:06] The position is equal.} 15. Rfd1 {[%emt 0:00:08] A30: Symmetrical English: Double Fianchetto and Hedgehog.} Rfd8 16. Ne5 Bxg2 17. Kxg2 Rac8 (17... Kf6 18. f4 Ke6 19. Kf3 f6 20. Nc6 Rd6 21. Nd4+ Kf7 22. Nb5 Rxd1 23. Rxd1 a6 24. Nc7 Rc8 25. Nd5 Rd8 26. e4 e6 27. Ne3 Rxd1 28. Nxd1 Ke7 29. Ke3 Kd6 30. Nb2 b5 31. b4 Nd7 {½-½ (31) Korpa,B (2546)-Nagy,G (2489) Hungary 2020}) 18. Rac1 Kf6 19. Nd7+ Nxd7 20. Rxc8 Rxc8 21. Rxd7 $11 {[%emt 0:00:07][%mdl 4096] Endgame KR-KR} a5 22. Rb7 {[%emt 0:00:09] [#]} Rc2 $146 ({Predecessor:} 22... Rc6 23. Kf3 e6 24. h4 Rc2 25. Rxb6 Rxa2 26. Rb5 h5 27. e3 Ke7 28. Rb7+ Kf6 29. Rb5 Ra3 30. Ke4 a4 {½-½ (31) Nikolaou,G (2275)-Aggelis,N (2329) Peristeri 2010}) 23. Rxb6+ e6 24. Kf3 Rxa2 25. e3 Ra3 26. Ra6 Rxb3 {[%emt 0:00:06] Hoping for ...Ra3.} 27. Rxa5 h5 28. h4 Rc3 29. Ke4 Rc4+ 30. Kf3 (30. Kd3 $5 Rc7 31. Ke4 $11) 30... Rb4 31. Ra7 Ke5 {Weighted Error Value: White=0.00 (flawless) /Black=0.00 (flawless)} (31... Rb2 $11) 1/2-1/2

[Event "Hungarian Championship Men 2022"]
[Site "Budapest"]
[Date "2022.12.07"]
[Round "3.4"]
[White "Grigoriants, Sergey"]
[Black "Horvath, Adam"]
[Result "1-0"]
[ECO "E47"]
[WhiteElo "2550"]
[BlackElo "2501"]
[Annotator "TA"]
[PlyCount "51"]
[EventDate "2022.12.03"]
[EventType "tourn"]
[EventCountry "HUN"]
[SourceTitle "playchess.com"]
[Source "ChessBase"]
[SourceQuality "1"]
[TimeControl "40/5400+30:1800+30"]

1. d4 Nf6 2. c4 e6 3. Nc3 Bb4 4. e3 O-O 5. Bd3 c5 6. Nge2 d5 7. cxd5 cxd4 8. exd4 Nxd5 9. a3 Be7 10. Bc2 Nc6 11. Qd3 {[%emt 0:01:47][%csl Gc2][%cal Rd3h7] E48: Nimzo-Indian: Rubinstein: 5 Bd3 d5 including 6 Ne2, but excluding 6 a3.} g6 12. h4 Nxc3 $1 (12... Bxh4 $2 13. Qh3 $18) 13. bxc3 {[%emt 0:02:02] Hoping for h5. The position is equal.} e5 $1 14. Qg3 exd4 15. h5 $1 Bd6 16. Bf4 Bxf4 17. Nxf4 {[%emt 0:00:07][%cal Rh5g6] hxg6 is the strong threat.} Re8+ 18. Kf1 {[%emt 0:00:45][%cal Rh5g6] Strongly threatening hxg6.} g5 19. h6 $1 {[%emt 0:02:20] [#]} Ne5 $146 {[%emt 0:08:00] aiming for ...Bg4.} ({Predecessor:} 19... Re5 20. Rd1 Bf5 21. Bb3 Kf8 22. Rh5 f6 23. cxd4 Re4 24. Rh4 Qe7 25. Nd5 gxh4 {½-½ (32) Amico,R (2330)-Cantelli,A (2291) ICCF email 2009}) 20. Re1 Bd7 ({Black should play} 20... d3 $11 21. Nxd3 Bf5 22. Rxe5 Bxd3+ 23. Bxd3 Rxe5 24. Qxe5 (24. Bxh7+ $2 Kxh7 25. Qxe5 Qd1+ 26. Qe1 Rd8 $19) 24... Qxd3+ 25. Kg1 Qb1+ 26. Kh2 Qg6) 21. c4 ({White should try} 21. Rh5 $1 $14 Bb5+ 22. Bd3 Bxd3+ 23. Nxd3) 21... f6 $15 {[%emt 0:15:54] And now ...Rc8 would win.} 22. Nd5 {[%emt 0:11:11] Black must now prevent f4.} Bc6 $1 (22... Nxc4 23. Rxe8+ Bxe8 24. Qd3 $1 $11) (22... Rc8 23. Rh5 Rc6 24. f4 $11 (24. Nxf6+ $2 Qxf6 25. Qxg5+ Ng6 $19)) 23. Rh5 (23. f4 $15 Bxd5 24. cxd5) 23... d3 $4 {[%emt 0:04:06][%mdl 8192] [#]} (23... Nxc4 24. Rxe8+ Bxe8 25. Nxf6+ $1 (25. Qd3 Nd2+ 26. Kg1 Bg6 $16) 25... Qxf6 26. Rxg5+ Bg6 27. Bxg6 $18) (23... Bxd5 $19 24. cxd5 Rc8) 24. Rxg5+ $3 $18 fxg5 25. Rxe5 Bxd5 26. Rxg5+ {[%emt 0:01:04] Weighted Error Value: White=0.23 (precise) /Black=0.39} ({Stronger than} 26. Rxe8+ Qxe8 27. Qxg5+ (27. Bxd3 $2 {loses.} Qh5 $19) 27... Qg6 28. Qxd5+ Kf8 29. Qf3+ (29. Bxd3 Qxh6 30. Kg1 Qg7 $11) (29. Qxb7 Rd8 $11) (29. Qxd3 Qxh6 30. Qf5+ Kg8 $15) 29... Kg8 30. Qd5+ (30. Qxb7 Rd8 $17) (30. Bxd3 Qxh6 31. g3 Qg7 $11) 30... Kf8 31. Bxd3 Qxh6 $11) 1-0

[Event "Hungarian Championship Men 2022"]
[Site "Budapest"]
[Date "2022.12.07"]
[Round "3.5"]
[White "Prohaszka, Peter"]
[Black "Horvath, Csaba"]
[Result "1-0"]
[ECO "A08"]
[WhiteElo "2562"]
[BlackElo "2502"]
[Annotator "TA"]
[PlyCount "85"]
[EventDate "2022.12.03"]
[EventType "tourn"]
[EventCountry "HUN"]
[SourceTitle "playchess.com"]
[Source "ChessBase"]
[SourceQuality "1"]
[TimeControl "40/5400+30:1800+30"]

1. Nf3 d5 2. g3 c5 3. Bg2 Nc6 4. d4 e6 5. O-O Nf6 6. c4 dxc4 7. dxc5 Qxd1 8. Rxd1 Bxc5 9. Nbd2 c3 10. bxc3 O-O 11. Nb3 Be7 12. c4 Bd7 13. Bb2 {[%emt 0:00:07] E04: Open Catalan: 5 Nf3.} Rfc8 {[%emt 0:02:02] is currently scoring better than 13...Rfd8.} 14. Rac1 {[%emt 0:19:08] [#] aiming for Bxf6.} Be8 15. Nfd4 {[%emt 0:06:19] The position is equal.} a5 16. Nxc6 Bxc6 17. Bxc6 {[%emt 0:01:33] [#]} bxc6 $146 ({Predecessor:} 17... Rxc6 18. Nd4 Rcc8 19. Nb5 a4 20. Bxf6 Bxf6 21. Rd7 b6 22. Rb7 Rab8 23. Ra7 Ra8 24. Rb7 Rab8 25. Ra7 Ra8 26. Rb7 {½-½ (26) So,W (2776)-Anand,V (2751) Warsaw 2022}) 18. Rc2 a4 19. Nc1 Rcb8 20. Nd3 Nd7 21. Kg2 Rb7 22. Bc3 f6 23. f4 Kf7 24. Kf3 Ke8 25. g4 Rab8 26. Rb2 Rxb2 27. Bxb2 Nc5 {[%emt 0:03:00] [#] Threatens to win with ...Nxd3.} 28. Bc3 Nxd3 29. exd3 $11 {[%emt 0:00:19][%mdl 4096] Endgame KRB-KRB} Kf7 30. d4 Bd6 31. h4 h5 32. gxh5 f5 (32... Be7 $11) 33. d5 exd5 34. cxd5 Rc8 (34... cxd5 $16 {was worth a try.} 35. Rxd5 Rc8) 35. Rg1 $18 Bf8 36. d6 Rd8 37. Be5 Bxd6 $2 (37... Ke6 38. Bxg7 Bxg7) 38. Rxg7+ ({Less strong is} 38. Bxg7 Bc5 39. Rg6 Rd3+ 40. Ke2 Re3+ 41. Kd1 Rh3 $14) 38... Kf8 39. h6 Bxe5 40. fxe5 Rd4 41. e6 Rxh4 42. e7+ Ke8 43. h7 {[%emt 0:00:09] Weighted Error Value: White=0.04 (flawless) /Black=0.36} 1-0

[Event "Hungarian Championship Men 2022"]
[Site "Budapest"]
[Date "2022.12.08"]
[Round "4.1"]
[White "Kozak, Adam"]
[Black "Horvath, Csaba"]
[Result "1-0"]
[ECO "D27"]
[WhiteElo "2538"]
[BlackElo "2502"]
[Annotator "TA"]
[PlyCount "113"]
[EventDate "2022.12.03"]
[EventType "tourn"]
[EventCountry "HUN"]
[SourceTitle "playchess.com"]
[Source "ChessBase"]
[SourceQuality "1"]
[TimeControl "40/5400+30:1800+30"]

1. d4 d5 2. c4 dxc4 3. Nf3 a6 4. e3 Nf6 5. Bxc4 e6 6. O-O c5 7. a4 Nc6 8. h3 {[%emt 0:14:32] [#] D27: Queen's Gambit Accepted: Classical main line: 7 e4!? and 7 a4.} b6 $146 ({Predecessor:} 8... cxd4 9. exd4 Be7 10. Nc3 O-O 11. Be3 Nb4 12. Ne5 b6 13. Qf3 Rb8 14. Qg3 Nh5 15. Qf3 Nf6 16. Rfd1 Bb7 17. Qe2 Rc8 18. Rac1 {1-0 (43) Jeremic,V (2503)-Bakic,R (2383) Subotica 2008}) 9. Qe2 cxd4 10. Rd1 {[%emt 0:03:02][%cal Re3d4] The position is equal.} Be7 11. exd4 Bb7 12. Nc3 {[%emt 0:04:11] Threatens to win with d5.} Nb4 {[%emt 0:02:01] Against d5} 13. Bf4 O-O 14. Ne5 Nfd5 15. Bg3 Rc8 16. Ne4 f6 17. Nf3 Qd7 18. a5 Qc6 19. Bb3 Kh8 20. Rac1 Qxc1 21. Rxc1 Rxc1+ 22. Kh2 {[%emt 0:00:08] Nd6 is the strong threat.} Rc6 {[%emt 0:16:06] Against Nd6} 23. Nc3 (23. axb6 $14 Bc8 24. Nc5 Rxb6 25. Nd2) 23... Rf7 (23... bxa5 $2 24. Nxd5 Bd6 25. Nxb4 (25. Qxe6 $2 Bxg3+ 26. Kxg3 Rxe6 $19) 25... Bxb4 26. Bxe6 $18) (23... Nxc3 $2 24. bxc3 Rxc3 25. Qxe6 $18) (23... Rd8 $11 {keeps the balance.}) 24. axb6 $16 Rxb6 25. Na4 (25. Nd2 $1 $16 {[%cal Rd2c4] aiming for Nc4.} a5 26. Na4) 25... Rc6 $14 26. Nc5 Bxc5 (26... Bd6 $1 $14) 27. dxc5 $18 e5 {[%emt 0:01:35] Inhibits Nd4.} 28. Bxe5 $2 fxe5 $17 29. Qxe5 {[%emt 0:00:33] [#]} (29. Nxe5 $142 Re7 30. Bxd5 Nxd5 31. Qf3) 29... Rc8 $2 (29... Rxc5 $2 {leads to mate.} 30. Qe8+) (29... Re7 $1 $17 30. Qb8+ Bc8 31. Bxd5 Nxd5) 30. Ng5 $40 {[%emt 0:00:01][%mdl 1152] White has compensation. White mounts an attack.} Re7 (30... Rxf2 $2 31. Qe4 g6 32. Qh4 $18) 31. Qf5 {[%emt 0:00:37][%csl Gg5][%cal Rf5h7] Chess con chili.} g6 (31... Rxc5 $2 32. Qxh7#) 32. Qg4 {[%emt 0:00:09] Strongly threatening Qd4+.} a5 {[%emt 0:02:08] Black is now going downhill.} (32... Rxc5 $2 33. Qd4+ Kg8 34. Qxc5 $18) ({Black should try} 32... Rf8 $14) 33. Qd4+ $16 Kg8 34. Ne4 Rd8 {[%emt 0:02:43] [#]} (34... Rxe4 $16 35. Qxe4 Rf8) 35. Nf6+ $1 $18 Kf8 36. Nxd5 Bxd5 37. Qh8+ Kf7 38. Qxd8 Bxb3 39. Qxa5 Rb7 40. Qd8 Bd5 41. Qd6 Bc6 42. f3 h5 (42... Bd7 {is a better defense.} 43. h4 h5) 43. Kg3 Kg7 44. Kh4 Kh7 45. Kg5 Be8 46. g4 {[%emt 0:05:15] And now Qe6 would win.} hxg4 $2 (46... Nc6 47. f4 Kg8 48. Qe6+ Kf8 49. Qf6+ Kg8 50. gxh5 gxh5 51. Qe6+ Kf8 52. Qh6+ Kg8 53. Qe6+ Kf8 54. Qh6+ Kg8) 47. hxg4 Nc6 48. Qf8 Re7 49. b4 {[%emt 0:01:47][%cal Bb2b4,Bb4b5,Bb5b6][%mdl 32] Intending b5 and mate.} Re6 50. b5 Nd4 51. b6 Re5+ 52. Kh4 Bc6 53. Qf7+ {[%emt 0:01:19] White mates.} Kh6 54. g5+ Rxg5 55. Qf8+ Kh7 56. Qe7+ (56. Kxg5 $2 {loses.} Ne6+ 57. Kf6 Nxf8 $19) 56... Kg8 57. Kxg5 {[%emt 0:00:34] Weighted Error Value: White=0.17 (very precise) /Black=0.57} (57. Qxg5 Nxf3+ 58. Kg3 Nxg5 $19) 1-0

[Event "Hungarian Championship Men 2022"]
[Site "Budapest"]
[Date "2022.12.08"]
[Round "4.2"]
[White "Horvath, Adam"]
[Black "Prohaszka, Peter"]
[Result "0-1"]
[ECO "C50"]
[WhiteElo "2501"]
[BlackElo "2562"]
[Annotator "TA"]
[PlyCount "80"]
[EventDate "2022.12.03"]
[EventType "tourn"]
[EventCountry "HUN"]
[SourceTitle "playchess.com"]
[Source "ChessBase"]
[SourceQuality "1"]
[TimeControl "40/5400+30:1800+30"]

1. e4 e5 2. Nf3 Nc6 3. Bc4 Bc5 4. d3 Nf6 5. O-O d6 6. c3 a5 {[%emt 0:00:19] C54: Giuoco Piano: 4 c3 Nf6, main lines with 5 d4 and 5 d3.} 7. Re1 Ba7 8. h3 h6 {[%emt 0:00:16] [#] The position is equal.} 9. Bb3 $146 ({Predecessor:} 9. d4 O-O 10. Be3 Re8 11. Qb3 Qe7 12. Nbd2 Bd7 13. Rad1 a4 14. Qc2 Na5 15. Bd3 {0-1 (59) Amin,B (2680)-Kamsky,G (2657) Europe Echecs INT 2021}) 9... g5 10. d4 g4 11. hxg4 Nxg4 12. Na3 Rg8 13. Nb5 Bb6 14. Be3 Bd7 15. Bc4 ({White should play} 15. Na3 $15) 15... Qe7 (15... Qf6 $17 16. dxe5 Ngxe5 17. Nxe5 Nxe5 18. Bxb6 O-O-O 19. Nxd6+ (19. Nxc7 $2 Rxg2+ 20. Kxg2 Rg8+ 21. Kf1 Bh3+ 22. Ke2 Bg4+ 23. Kd2 Nxc4+ 24. Kd3 Nxb2+ 25. Kc2 Nxd1 $19) 19... Kb8 20. Nxf7 (20. Bxa5 $2 Rxg2+ 21. Kxg2 Qg5+ 22. Kf1 Bh3+ 23. Ke2 Rxd6 $19) 20... Nf3+ 21. Kf1 Rxg2 $1) 16. a3 (16. Bd5 $15) 16... Nd8 $17 17. a4 Ne6 18. Bf1 Nxe3 19. fxe3 (19. Rxe3 $17 Ng5 20. Be2) 19... Ng5 20. Nxg5 Qxg5 21. c4 (21. Qb3 $17 {keeps fighting.} Ke7 22. Na3 (22. Nxd6 $2 Kxd6 23. Qa3+ c5 $19)) 21... O-O-O 22. b4 Bc6 $2 (22... axb4 23. a5 Bxb5 24. cxb5 $16) ({Better is} 22... exd4 $19 23. exd4 Bxb5 24. axb5 axb4) 23. Qf3 $15 {[%emt 0:04:51] c5 is the strong threat.} (23. c5 $2 dxc5 24. bxa5 Bxe4 $19) 23... exd4 {[%emt 0:03:31] Hoping for ...Rde8.} (23... axb4 24. a5 Bxd4 25. exd4 $16) 24. bxa5 $1 Bxa5 25. Na7+ Kb8 {[%emt 0:01:15] Black has more active pieces.} 26. Nxc6+ bxc6 27. Rab1+ (27. Reb1+ $15 Ka7 28. exd4) 27... Ka7 $19 28. e5 $2 (28. Re2) 28... Bxe1 (28... dxe5 29. Qxc6 Rb8 30. Qc5+ (30. c5 Qg6 $17) 30... Ka6 31. Qc6+ Ka7 32. Qc5+ (32. c5 $2 Qg6 $19) 32... Ka6 33. Qc6+ Ka7 $11) 29. Rxe1 Qxe5 30. c5 (30. Qxc6 $142 Qc5 31. Qf3) 30... Qxc5 31. Qe2 {[%emt 0:00:34] Intending Qa6+ and mate.} Qa5 {[%emt 0:00:20] Against Qa6+} 32. Rc1 d3 33. Qxd3 c5 (33... Qxa4 34. Rc3 Kb7 35. Ra3 $16) 34. Qf5 Rge8 (34... Qxa4 35. Qf6 Kb6 36. Bc4 $15) 35. Qxf7 Rb8 (35... Qxa4 {leads to mate.} 36. Qxc7+ Ka8 {[#]} 37. Bb5 $1 Re4 38. Bxa4 Rxa4 39. Rb1 Rb4 40. Ra1+) 36. Qf4 (36. Rd1 $142 Qb6 37. a5) 36... Qd2 {[%emt 0:00:43][%csl LRc1,LRe3] ( -> ...Rf8)} 37. Qc4 Qxe3+ ({Much less strong is} 37... Rxe3 38. Qa6#) 38. Kh1 Rb4 39. Qa6+ Kb8 40. Rc4 Re4 {[%emt 0:00:00] Weighted Error Value: White=0.57/Black=0.28 (precise)} 0-1

[Event "Hungarian Championship Men 2022"]
[Site "Budapest"]
[Date "2022.12.08"]
[Round "4.3"]
[White "Nagy, Gabor"]
[Black "Grigoriants, Sergey"]
[Result "1/2-1/2"]
[ECO "D45"]
[WhiteElo "2482"]
[BlackElo "2550"]
[Annotator "TA"]
[PlyCount "61"]
[EventDate "2022.12.03"]
[EventType "tourn"]
[EventCountry "HUN"]
[SourceTitle "playchess.com"]
[Source "ChessBase"]
[SourceQuality "1"]
[TimeControl "40/5400+30:1800+30"]

1. d4 Nf6 2. c4 e6 3. Nf3 d5 4. Nc3 c6 5. e3 Nbd7 6. Qc2 Bd6 7. Bd3 O-O 8. O-O e5 9. cxd5 cxd5 10. e4 dxe4 11. Nxe4 Nxe4 12. Bxe4 h6 13. Rd1 {[%emt 0:05:14] [#] And now dxe5 would win. D46: Semi-Slav: 5 e3 Nbd7 6 Bd3, Black avoids the Meran.} exd4 {[%emt 0:00:47] The position is equal.} 14. Rxd4 Qe7 15. Bd2 {[%emt 0:09:17] Strongly threatening Bh7+.} Nf6 {[%emt 0:26:01] Prevents Bh7+.} 16. Bf5 {[%emt 0:02:07] [#]} Qc7 $146 ({Predecessor:} 16... Bxf5 17. Qxf5 Rad8 18. Bxh6 Bxh2+ 19. Kxh2 Rxd4 20. Nxd4 gxh6 21. Qf4 Nd5 22. Qxh6 Qe5+ {1-0 (78) Zhou,W (2593)-Jia,H (2349) Lishui 2009}) 17. Bc3 Rd8 18. Rad1 (18. h3 {looks sharper.} Bxf5 19. Qxf5 Qc5 20. Nh4) 18... Bxf5 19. Qxf5 Be7 20. h3 Rxd4 21. Rxd4 Rd8 22. Qd3 a6 23. Rxd8+ Qxd8 24. Qxd8+ Bxd8 $11 {[%emt 0:00:04][%mdl 4096] Endgame KBN-KBN} 25. Kf1 Nd5 26. Bd4 f6 27. g3 Nb4 28. a3 Nc6 29. Bc3 Kf7 30. Ke2 Ke6 31. Nh4 {[%emt 0:00:48] An interesting draw.   Weighted Error Value: White=0.03 (flawless) /Black=0.01 (flawless)} 1/2-1/2

[Event "Hungarian Championship Men 2022"]
[Site "Budapest"]
[Date "2022.12.08"]
[Round "4.4"]
[White "Berkes, Ferenc"]
[Black "Korpa, Bence"]
[Result "1-0"]
[ECO "A49"]
[WhiteElo "2643"]
[BlackElo "2500"]
[Annotator "TA"]
[PlyCount "118"]
[EventDate "2022.12.03"]
[EventType "tourn"]
[EventCountry "HUN"]
[SourceTitle "playchess.com"]
[Source "ChessBase"]
[SourceQuality "1"]
[TimeControl "40/5400+30:1800+30"]

1. d4 Nf6 2. Nf3 g6 3. g3 Bg7 4. Bg2 O-O 5. O-O d6 6. Re1 Nbd7 7. e4 e5 8. Nc3 c6 9. h3 {B07: Pirc Defence: Miscellaneous Systems.} exd4 10. Nxd4 Nc5 11. Nb3 {[%emt 0:03:29] [#] White is slightly better.} Nxb3 $146 ({Predecessor:} 11... Ne6 12. f4 Nc7 13. Be3 Be6 14. g4 a5 15. f5 Bc4 16. g5 Nh5 17. f6 Nxf6 18. gxf6 Bxf6 {1-0 (33) Rozentalis,E (2577)-Grosse Honebrink,B Berlin 1999}) 12. axb3 Be6 13. Bg5 h6 14. Be3 Qc7 15. Qd2 (15. Rxa7 $2 Rxa7 16. Bxa7 b6 $19) (15. Bxa7 $2 b6 16. Ne2 (16. e5 $2 dxe5 $19) 16... Rxa7 $19) 15... Kh7 16. Bd4 (16. Rxa7 $2 Rxa7 17. Bxa7 b6 $19) (16. Bxa7 $2 b6 17. Qd4 (17. e5 $2 dxe5 $19) 17... Rxa7 $19) 16... Rfd8 17. Qf4 {[%emt 0:06:44] White is much more active.} (17. Rxa7 $2 {too greedy.} Rxa7 18. Bxa7 b6 19. Bxb6 (19. Ra1 $2 Ra8 $19) 19... Qxb6 $19) 17... Nh5 18. Qe3 Bxd4 19. Qxd4 Qb6 20. Ne2 Qxd4 21. Nxd4 Kg7 22. Re3 Kf6 23. b4 a6 {[%emt 0:03:27] Against b5} 24. f4 Ng7 (24... Re8 $14) 25. c3 Ke7 (25... d5 $14) 26. g4 g5 (26... f6 $14) 27. Rf1 (27. f5 $16) 27... c5 ({Better is} 27... Bc4 $14) 28. Nf5+ $16 Bxf5 29. exf5+ Kf6 30. fxg5+ hxg5 31. Rfe1 ({White should try} 31. Bxb7 $16 Rab8 32. Bd5 (32. Bxa6 cxb4 33. Rd1 bxc3 $16)) 31... Rd7 32. Bd5 cxb4 33. cxb4 Rc8 34. Kf2 Rc2+ 35. R1e2 Rxe2+ 36. Rxe2 $14 {[%emt 0:00:11][%mdl 4096] Endgame KRB-KRN} b6 37. Kg3 ({White should play} 37. Kf3 $16) 37... Re7 $1 {[%emt 0:00:21] Inhibits h4.} 38. Rxe7 Kxe7 {[%emt 0:00:05] KB-KN} 39. h4 (39. Bc6 $14) 39... gxh4+ $11 40. Kxh4 f6 41. Bc6 d5 (41... a5 $11 {remains equal.}) 42. Bxd5 $16 {[%emt 0:00:14] Black is now going downhill.} Kd6 $2 (42... Ne8 $16 43. Kh5 a5 44. bxa5 bxa5) 43. Bf7 $18 {[%emt 0:10:22] Strongly threatening Kg3.} Ke5 44. Kg3 {[%emt 0:00:39] aiming for Kf3.} Ke4 45. Bc4 a5 $2 (45... Ne8 $18 46. Bxa6 Nd6) 46. bxa5 bxa5 47. Bb5 Ke3 48. b3 Ke4 49. Ba4 {[%emt 0:01:20] Bb5 would kill now.} Ke3 $2 {[%emt 0:01:31][%mdl 8192] [#]} (49... Kd5 $16 50. Kf4 Kd6) 50. Bc6 {[%emt 0:00:04] White mates.} Kd4 51. Kf4 Kc5 52. Ba4 Kd6 53. Bb5 Kc5 {[#]} 54. Bd7 $1 Kd5 55. g5 fxg5+ 56. Kxg5 Ke5 57. f6 Nh5 58. f7 Nf6 59. Bf5 ({And not} 59. f8=B Nh7+ 60. Kg4 Nxf8 $11) 59... Kd5 {Weighted Error Value: White=0.11 (very precise) /Black=0.45} 1-0

[Event "Hungarian Championship Men 2022"]
[Site "Budapest"]
[Date "2022.12.08"]
[Round "4.5"]
[White "Fodor, Tamas Jr."]
[Black "Papp, Gabor"]
[Result "1/2-1/2"]
[ECO "B51"]
[WhiteElo "2517"]
[BlackElo "2564"]
[Annotator "TA"]
[PlyCount "112"]
[EventDate "2022.12.03"]
[EventType "tourn"]
[EventCountry "HUN"]
[SourceTitle "playchess.com"]
[Source "ChessBase"]
[SourceQuality "1"]
[TimeControl "40/5400+30:1800+30"]

1. e4 c5 2. Nf3 d6 3. Bb5+ Nd7 4. a4 Ngf6 5. Nc3 g6 6. a5 {[%emt 0:01:10] B51: Sicilian: Moscow Variation (3 Bb5+) without 3...Bd7.} Bg7 7. O-O O-O 8. d3 {[%emt 0:02:06] White has an edge.} Nb8 9. Bd2 a6 10. Bc4 Nc6 11. Nd5 {[%emt 0:00:47] [#]} Nd7 $146 ({Predecessor:} 11... Bg4 12. Nb6 Rb8 13. h3 Bxf3 14. Qxf3 Ne5 15. Qe2 Nfd7 16. Nxd7 Qxd7 17. Ba2 Nc6 {1-0 (67) Mammadova,G (2382)-Casas,A (1921) Europe Echecs INT 2021}) 12. Qc1 e6 13. Bg5 (13. Ne3 {simplifies} Nd4 14. Nxd4 cxd4 15. Nd1) 13... Nf6 (13... f6 $5 14. Nf4 (14. Bf4 exd5 15. Bxd5+ Kh8 $15) 14... Nde5 15. Nxe6 (15. Bxe6+ Bxe6 16. Nxe5 Qe8 $19) 15... Nxf3+ 16. gxf3 Bxe6 17. Bxe6+ Kh8 $11) 14. Nb6 Rb8 15. Qd2 Qc7 16. Bb3 Nd7 17. Nxd7 Bxd7 {[%emt 0:00:27] The position is equal.} 18. Bh6 Bxb2 19. Bxf8 Rxf8 20. Rab1 Bg7 21. Ba4 Rd8 22. Bxc6 Bxc6 23. Rb6 d5 24. Qe3 dxe4 25. dxe4 Bb5 {[%emt 0:00:05] This pair of bishops is nice.} 26. Rb1 c4 27. g3 Bf8 28. Qg5 {[%emt 0:03:26][%cal Ob6b7] [#] Rxb7! is the strong threat.} Be7 29. Qf4 (29. Qe5 {with more complications.} Bd6 30. Qf6 Be7 31. Qb2) 29... Qxf4 30. gxf4 Rd7 31. R6xb5 (31. Kg2 {is interesting.} Kf8 32. Kg3 Kg7 33. Ne5) 31... axb5 32. Rxb5 $11 {[%emt 0:00:05][%mdl 4096] Endgame KRB-KRN} Bd6 33. e5 Be7 34. Kf1 h6 35. Ke2 c3 {[%emt 0:03:12] Inhibits Nd2.} 36. Rb3 Bd8 37. Rxc3 Bxa5 38. Rc8+ Kg7 39. c3 Rc7 40. Rxc7 Bxc7 {[%emt 0:00:00] KB-KN} 41. h3 g5 42. fxg5 hxg5 43. Nxg5 {[%emt 0:00:43] Black must now prevent f4.} Bxe5 44. c4 Kg6 45. Ne4 Kf5 46. Kf3 Bc7 47. h4 {[%emt 0:00:18][%cal Bh3h4,Bh4h5,Bh5h6][%mdl 32] Hoping for c5.} (47. c5 $5 Ke5 $8 48. Ng5 $11) 47... b6 48. c5 bxc5 49. Nxc5 Bd8 50. h5 Kg5 (50... Bc7 $5 ) 51. Ke4 Bc7 52. f4+ Bxf4 53. h6 Bc1 54. Nxe6+ {[%emt 0:00:05][%mdl 64] [#]} fxe6 55. Ke5 Bb2+ 56. Kxe6 Kxh6 {Weighted Error Value: White=0.05 (flawless) /Black=0.04 (flawless)} 1/2-1/2